 Dungeon Crawl Stone Soup version 0.29.1-4-g47bece8355 (webtiles) character file.

Game seed: 13707783284654661243

56 AarnesTheHuman the Shooter (level 4, -1/35 HPs)
             Began as a Formicid Hunter on Dec 9, 2022.
             Slain by a gnoll
             ... wielding a +0 whip
              (3 damage)
             ... on level 2 of the Dungeon.
             The game lasted 00:01:25 (1400 turns).

AarnesTheHuman the Shooter (Formicid Hunter)        Turns: 1400, Time: 00:01:25

Health: -1/35      AC:  3    Str: 15    XL:     4   Next: 15%
Magic:  4/4        EV: 12    Int:  9    God:
Gold:   0          SH:  0    Dex: 19    Spells: 3/3 levels left

rFire   . . .      SeeInvis +   a - +0 shortbow
rCold   . . .      Faith    .   (no shield)
rNeg    . . .      Spirit   .   c - +0 leather armour
rPois   .          Reflect  .   (helmet unavailable)
rElec   .          Harm     .   (no cloak)
rCorr   .          Rampage  .   (no gloves)
Will    .....                   (no boots)
Stlth   ++........              (no amulet)
HPRegen 0.11/turn               (no ring)
MPRegen 0.09/turn               (no ring)

@: no status effects
A: permanent stasis, dig shafts and tunnels, antennae 3, four strong arms
a: Dig, Shaft Self


You were on level 2 of the Dungeon.
You visited 1 branch of the dungeon, and saw 2 of its levels.

Inventory:

Hand Weapons
 a - a +0 shortbow (weapon)
 b - a +2 dagger of draining
Missiles
 h - a throwing net
Armour
 c - a +0 leather armour (worn)
Scrolls
 d - 7 scrolls of identify {unknown}
 f - a scroll of summoning {unknown}
 g - 2 scrolls of immolation
 k - a scroll of amnesia {unknown}
Potions
 e - a potion of heal wounds {unknown}
 i - a potion of cancellation {unknown}
 j - a potion of haste {unknown}


   Skills:
 + Level 3.1 Fighting
 + Level 4.5 Ranged Weapons
 + Level 2.0 Armour
 - Level 1.7 Dodging
 - Level 1.2 Stealth


You had 3 spell levels left.
You didn't know any spells.
Your spell library contained the following spells:

 Spells                   Type           Power      Damage    Failure   Level
 Slow                     Hex            0%         N/A       45%         1
 Confusing Touch          Hex            0%         N/A       83%         3
 Vampiric Draining        Necr           0%         2d6       83%         3


Dungeon Overview and Level Annotations

Branches:
Dungeon (2/15)

Altars:


Innate Abilities, Weirdness & Mutations

You cannot be hasted, slowed, berserked, paralysed or teleported.
You can dig through walls and to a lower floor.
You have a pair of large antennae on your head. (SInv)
Your four strong arms can wield two-handed weapons with a shield.


Message History

Fire: a) +0 shortbow
Press: ? - help, Q - select action, (/) - cycle Shift-Dir - straight line, f/p - adder
Aim: an adder (48% to hit)
You shoot an arrow. The arrow hits the adder!
The adder is almost dead.
You feel sick. The adder closely misses you. The adder barely misses you.
Fire: a) +0 shortbow
Press: ? - help, Q - select action, (/) - cycle Shift-Dir - straight line, f/p - adder
Aim: an adder (almost dead, 48% to hit)
You shoot an arrow. The arrow misses the adder.
You feel sick.
You are no longer poisoned.
The adder bites you but does no damage. The adder closely misses you.
Fire: a) +0 shortbow
Press: ? - help, Q - select action, (/) - cycle Shift-Dir - straight line, f/p - adder
Aim: an adder (almost dead, 48% to hit)
You shoot an arrow. The arrow hits the adder.
You kill the adder!
Your Fighting skill increases to level 3!
Fire: a) +0 shortbow
Press: ? - help, Q - select action, (/) - cycle Shift-Dir - straight line, f - gnoll
Aim: a gnoll, wielding a +0 flail (almost dead, 68% to hit)
You shoot an arrow. The arrow hits the gnoll.
The gnoll is almost dead.
Fire: a) +0 shortbow
Press: ? - help, Q - select action, (/) - cycle Shift-Dir - straight line, f/p - gnoll
Aim: a gnoll, wielding a +0 flail (almost dead, 68% to hit)
You shoot an arrow. The arrow completely misses the gnoll.
The gnoll barely misses you.
Fire: a) +0 shortbow
Press: ? - help, Q - select action, (/) - cycle Shift-Dir - straight line, f/p - gnoll
Aim: a gnoll, wielding a +0 flail (almost dead, 68% to hit)
You shoot an arrow. The arrow hits the gnoll!
You kill the gnoll!
The gnoll hits you with a +0 whip.
* * * LOW HITPOINT WARNING * * *
Your Armour skill increases to level 2!
You have reached level 4!
You feel clever. The gnoll attacks as you move away!
The gnoll hits you with a +0 whip.
You die...

... ....# ... ....#
.... ....# .....
....# . ...## ....#
... ... ....#
.....#.##...#
.....(.gg...# .##
.....#.#@...# .. ...
#g#....# < #g#....#
#.#....# #.#....#
#.#....# #.##...#
#...# #...#
###+##.#########...#


You could see 2 gnolls.

Vanquished Creatures
  A gnoll (D:2)
  An adder (D:2)
  A dart slug (D:1)
  A bat skeleton (D:2)
  2 endoplasms (D:1)
  3 giant cockroaches
  3 hobgoblins
  6 jackals (D:1)
  A quokka (D:2)
  2 ball pythons (D:1)
  A ball python zombie (D:2)
  4 goblins (D:1)
  3 kobolds
  3 rats
32 creatures vanquished.

Notes
Turn   | Place    | Note
-------+----------+-------------------------------------------
     0 | D:1      | AarnesTheHuman the Formicid Hunter began the quest for the
                  | Orb.
     0 | D:1      | Reached XP level 1. HP: 16/16 MP: 1/1
     6 | D:1      | Noticed a redback
     6 | D:1      | Noticed a hog
     6 | D:1      | Noticed an anaconda
     7 | D:1      | Noticed a black bear
     7 | D:1      | Noticed a lindwurm
   236 | D:1      | Reached XP level 2. HP: 23/23 MP: 2/2
   269 | D:1      | Reached skill level 1 in Armour
   422 | D:1      | Found a faded altar of an unknown god.
   663 | D:1      | Reached XP level 3. HP: 28/28 MP: 3/3
  1399 | D:2      | HP: 1/29 [gnoll/+0 whip (5)]
  1400 | D:2      | Reached XP level 4. HP: 2/35 MP: 4/4
  1400 | D:2      | Slain by a gnoll

Illustrated notes

Levels and vault maps discovered:
D:1:      onia_arrival_zoo_common, layout_loops_corners,
          hellmonk_ecumenical_altar_dog_temple
D:2:      layout_basic, serial_undead, serial_undead_b, serial_undead_a,
          serial_undead_c, serial_undead_d, uniq_robin

Skill      XL: |  1  2  3 |
---------------+----------+-----
Armour         | 1 2 |  2.0
Fighting       | 3 |  3.1
Ranged Weapons | |  4.5
Dodging        | |  1.7
Stealth        | |  1.2

Action                   |  1- 3 |  4- 6 || total
-------------------------+-------+-------++-------
 Fire: Shortbow          |    84 |       ||    84
Armor: Leather armour    |    21 |       ||    21
Dodge: Dodged            |    47 |       ||    47
